 Dungeon Crawl Stone Soup version 0.30.0-17-ge0270778cf (webtiles) character file.

Game seed: 12152934915012963871

257 mn3067 the Twirler (level 6, -3/35 HPs)
             Began as a Gargoyle Gladiator on May 21, 2023.
             Splashed by a jelly's acid (8 damage)
             ... on level 4 of the Dungeon.
             The game lasted 00:04:13 (2511 turns).

mn3067 the Twirler (Gargoyle Gladiator)             Turns: 2511, Time: 00:04:14

Health: -3/35      AC:  3    Str: 19    XL:     6   Next: 16%
Magic:  6/6        EV: 11    Int:  9    God:
Gold:   166        SH:  0    Dex: 11    Spells: 5/5 levels left

rFire   . . .        a - +0 quarterstaff
rCold   . . .        (shield currently unavailable)
rNeg    + . .        l - +0 ring mail
rPois   ∞            c - +0 helmet
rElec   +            (no cloak)
rCorr   .            q - +0 pair of gloves
SInv    .            (no boots)
Will    .....        (no amulet)
Stlth   +            (no ring)
HPRegen 0.25/turn    (no ring)
MPRegen 0.10/turn

%: no passive effects
@: corroded
A: sickness immunity, AC +4, negative energy resistance 1, electricity
resistance, torment resistance 1, petrification resistance
a: no special abilities


You were on level 4 of the Dungeon.
You visited 1 branch of the dungeon, and saw 4 of its levels.

You collected 166 gold pieces.

Inventory:

Hand Weapons
 a - a +0 quarterstaff (weapon)
Missiles
 d - 3 throwing nets
 e - a javelin
 m - 7 poisoned darts (quivered)
Armour
 b - a +0 leather armour
 c - a +0 helmet (worn)
 l - a +0 ring mail (worn)
 q - a +0 pair of gloves (worn)
Scrolls
 g - 3 scrolls of enchant armour {unknown}
 h - 5 scrolls of identify {unknown}
 j - a scroll of butterflies {unknown}
 k - a scroll of fear {unknown}
 n - 3 scrolls of teleportation {unknown}
 p - 2 scrolls of blinking {unknown}
 r - a scroll of silence {unknown}
 s - a scroll of vulnerability {unknown}
 t - a scroll of amnesia {unknown}
Potions
 f - a potion of curing {unknown}
 i - 3 potions of mutation {unknown}
 o - 2 potions of might {unknown}
 u - 2 potions of attraction {unknown}
 v - a potion of degeneration {unknown}
 w - a potion of berserk rage {unknown}
 x - a potion of haste {unknown}


   Skills:
 - Level 2.1 Fighting
 + Level 6.7 Staves
 - Level 1.7 Throwing
 - Level 2.4 Dodging


You had 5 spell levels left.
You didn't know any spells.
Your spell library was empty.

Dungeon Overview and Level Annotations

Branches:
Dungeon (4/15)
 Temple: D:4-7

Altars:
Fedhas
Okawaru


Innate Abilities, Weirdness & Mutations

You are immune to sickness and miasma.
Your stone body is resilient. (AC +4)
You are immune to poison.
You resist negative energy. (rN+)
You are resistant to electric shocks. (rElec)
You are resistant to unholy torment.
You are immune to petrification.


Message History

No target in view!
A jelly comes into view.
A jelly is nearby!
A jelly is nearby!
The jelly quivers.
A jelly comes into view.
The jelly hits you.
You are splashed with acid!
You are too injured to fight recklessly!
You are too injured to fight recklessly!
You are too injured to fight recklessly!
You are too injured to fight recklessly!
You are too injured to fight recklessly!
You are too injured to fight recklessly!
You are too injured to fight recklessly!
You are too injured to fight recklessly!
You are too injured to fight recklessly!
You are too injured to fight recklessly!
You are too injured to fight recklessly!
You are too injured to fight recklessly!
You are too injured to fight recklessly!
You are too injured to fight recklessly!
You are too injured to fight recklessly!
You are too injured to fight recklessly!
You are too injured to fight recklessly!
You are too injured to fight recklessly!
You are too injured to fight recklessly!
You hit the jelly. The acid corrodes you!
Your hands burn!
The jelly is lightly wounded.
The jelly hits you but does no damage.
You hit the jelly. The acid corrodes you!
Your hands burn!
* * * LOW HITPOINT WARNING * * *
The jelly is heavily wounded.
The jelly misses you.
You hit the jelly.
Your hands burn!
* * * LOW HITPOINT WARNING * * *
The jelly is severely wounded.
The jelly hits you.
* * * LOW HITPOINT WARNING * * *
You are splashed with acid!
You die...

#.#. #.#...... .....
#...#..... .#
...####...#.#... .#
#........#.#.### . ##
##.............. ..
#......<......# ..
####...†........J# ..
...............#J# .#
....#.........##@#.#
....##...#...###...####
........................
....#############.######
....# ## ....# ....#
....# ....#


You could see 2 jellies.

Vanquished Creatures
  A black bear (D:4)
  A howler monkey (D:4)
  7 adders
  4 dart slugs
  4 orcs (D:3)
  5 ball pythons
  3 bats (D:2)
  3 endoplasms
  5 giant cockroaches
  7 goblins
  7 hobgoblins
  3 quokkas
  3 frilled lizards
  2 kobolds (D:3)
  6 rats
61 creatures vanquished.

Notes
Turn   | Place    | Note
-------+----------+-------------------------------------------
     0 | D:1      | mn3067 the Gargoyle Gladiator began the quest for the Orb.
     0 | D:1      | Reached XP level 1. HP: 12/12 MP: 1/1
   123 | D:1      | Reached XP level 2. HP: 15/17 MP: 2/2
   406 | D:1      | Reached skill level 4 in Staves
   411 | D:1      | Found a faded altar of an unknown god.
   463 | D:1      | Reached XP level 3. HP: 15/21 MP: 3/3
   969 | D:2      | You fall into a shaft and drop 2 floors!
  1152 | D:3      | Found a blossoming altar of Fedhas.
  1170 | D:3      | Reached XP level 4. HP: 21/26 MP: 4/4
  1265 | D:3      | Found an iron altar of Okawaru.
  1538 | D:2      | Reached skill level 5 in Staves
  2002 | D:3      | Reached XP level 5. HP: 30/30 MP: 5/5
  2413 | D:4      | Noticed a black bear
  2425 | D:4      | Killed a black bear
  2426 | D:4      | Reached skill level 6 in Staves
  2495 | D:4      | Reached XP level 6. HP: 35/35 MP: 6/6
  2511 | D:4      | Splashed by a jelly's acid

Illustrated notes

Levels and vault maps discovered:
D:1:      heliophobic_arrival_dark_side_of_the_moon, layout_basic,
          chequers_ecumenical_altar_simple_redux, feat_on_display
D:2:      layout_loops_ring, minmay_3d_cube
D:3:      layout_loops_ring, okawaru_ov_weapons_minmay, fedhas_altar_1,
          columned_hall_lemuel, grunt_ministairs_7, saegor_snake_ambush
D:4:      layout_rooms, mainiacjoe_overflow_alcove_2,
          mainiacjoe_overflow_alcove_4, zin_academy,
          nicolae_qazlal_general_emergency, cheibrodos_ashenzari_chains

Skill      XL: |  1  2  3  4  5 |
---------------+----------------+-----
Staves         | 4 5 6 |  6.7
Fighting       | |  2.1
Throwing       | |  1.7
Dodging        | |  2.4

Action                     |  1- 3 |  4- 6 || total
---------------------------+-------+-------++-------
  Melee: Quarterstaff      |   112 |   100 ||   212
  Throw: Dart              |       |     5 ||     5
 Armour: Leather armour    |    31 |       ||    31
         Ring mail         |    23 |    36 ||    59
  Dodge: Dodged            |    65 |    67 ||   132
